2567 views
Uploaded 2021-02-23 11:09:32
Game version 1.32.9
43:37 long 1on1 ladder game on (2)NorthernIsles
Saved by xzz
2567 views
Uploaded 2021-02-23 11:09:32
Game version 1.32.9
43:37 long 1on1 ladder game on (2)NorthernIsles

43 units @ 5.6k
/ 1.1k
109 buildings @ 5.5k
/ 3k

| Scroll of Regeneration | 9 | 900 |
| Lesser Clarity Potion | 5 | 350 |
| Mechanical Critter | 1 | 50 |
| Scroll of Town Portal | 3 | 1050 |
| Scroll of Healing | 1 | 250 |
| Potion of Invisibility | 1 | 100 |
| Staff of Teleportation | 1 | 150 |
| Boots of Speed | 1 | 250 |
| total: | 22 | 3100g |
| Peasant | 13 | 975 | / | 0 |
| Footman | 9 | 1215 | / | 0 |
| Mortar Team | 7 | 1260 | / | 490 |
| Sorceress | 2 | 310 | / | 40 |
| Flying Machine | 8 | 800 | / | 240 |
| Goblin Shredder | 1 | 375 | / | 100 |
| Goblin Zeppelin | 1 | 240 | / | 60 |
| Goblin Sapper | 2 | 430 | / | 200 |
| total: | 43 | 5605g | / | 1130w |
| Scout Tower | 88 | 2640 | / | 1760 |
| Arcane Tower | 18 | 1260 | / | 900 |
| Guard Tower | 23 | 1610 | / | 1150 |
| Altar of Kings | 1 | 180 | / | 50 |
| Farm | 9 | 720 | / | 180 |
| Barracks | 1 | 160 | / | 60 |
| Arcane Vault | 3 | 390 | / | 90 |
| Lumber Mill | 1 | 120 | / | 0 |
| Blacksmith | 1 | 140 | / | 60 |
| Town Hall | 2 | 770 | / | 410 |
| Cannon Tower | 12 | 1440 | / | 1200 |
| Workshop | 2 | 280 | / | 280 |
| Arcane Sanctum | 1 | 150 | / | 140 |
| Keep | 1 | 320 | / | 210 |
| Castle | 1 | 360 | / | 210 |
| total: | 109 | 5550g | / | 3030w |
| 0:06 | Peasant |
| 0:06 | Peasant |
| 0:12 | Altar of Kings |
| 0:14 | Farm |
| 0:46 | Peasant |
| 0:58 | Barracks |
| 1:04 | Farm |
| 1:06 | Peasant |
| 1:18 | Peasant |
| 1:24 | Farm |
| 1:31 | Peasant |
| 1:51 | Arcane Vault |
| 1:54 | Peasant |
| 1:55 | Peasant |
| 2:06 | Footman |
| 2:15 | Farm |
| 2:19 | Peasant |
| 2:24 | Scout Tower |
| 2:30 | Scout Tower |
| 2:36 | Footman |
| 2:43 | Flame Strike |
| 2:48 | Lumber Mill |
| 2:50 | Peasant |
| 2:50 | Peasant |
| 3:00 | Arcane Tower |
| 3:19 | Scout Tower |
| 3:21 | Footman |
| 3:58 | Scout Tower |
| 4:00 | Scout Tower |
| 4:02 | Footman |
| 4:40 | Footman |
| 5:01 | Scout Tower |
| 5:02 | Scout Tower |
| 5:03 | Footman |
| 5:09 | Arcane Tower |
| 5:12 | Scout Tower |
| 5:29 | Scout Tower |
| 5:39 | Arcane Tower |
| 5:40 | Guard Tower |
| 6:01 | Guard Tower |
| 6:06 | Siphon Mana |
| 6:59 | Flame Strike |
| 7:12 | Keep |
| 7:20 | Farm |
| 7:58 | Blacksmith |
| 8:16 | Scout Tower |
| 8:22 | Scout Tower |
| 8:23 | Footman |
| 8:23 | Footman |
| 8:56 | Arcane Tower |
| 9:00 | Footman |
| 9:07 | Scroll of Regeneration |
| 9:11 | Arcane Tower |
| 9:23 | Scroll of Regeneration |
| 9:31 | Scout Tower |
| 9:43 | Workshop |
| 9:47 | Improved Lumber Harvesting |
| 9:49 | Peasant |
| 9:59 | Peasant |
| 10:09 | Arcane Tower |
| 10:36 | Goblin Shredder |
| 11:12 | Scroll of Regeneration |
| 11:13 | Lesser Clarity Potion |
| 11:48 | Farm |
| 11:50 | Farm |
| 11:51 | Farm |
| 11:53 | Farm |
| 11:58 | Workshop |
| 12:18 | Mortar Team |
| 12:23 | Scroll of Regeneration |
| 12:28 | Scroll of Town Portal |
| 13:08 | Scout Tower |
| 13:08 | Scout Tower |
| 13:08 | Scout Tower |
| 13:09 | Scout Tower |
| 13:10 | Scout Tower |
| 13:14 | Mortar Team |
| 13:39 | Guard Tower |
| 13:41 | Guard Tower |
| 13:44 | Scout Tower |
| 13:44 | Scout Tower |
| 13:45 | Scout Tower |
| 13:45 | Scout Tower |
| 13:49 | Siphon Mana |
| 14:11 | Guard Tower |
| 14:16 | Guard Tower |
| 14:30 | Scout Tower |
| 14:30 | Scout Tower |
| 14:30 | Scout Tower |
| 14:30 | Scout Tower |
| 14:30 | Scout Tower |
| 14:31 | Scout Tower |
| 14:32 | Scout Tower |
| 14:37 | Arcane Sanctum |
| 14:49 | Scroll of Regeneration |
| 14:49 | Lesser Clarity Potion |
| 14:59 | Mechanical Critter |
| 15:20 | Mortar Team |
| 16:31 | Goblin Zeppelin |
| 16:38 | Scout Tower |
| 16:39 | Scout Tower |
| 16:39 | Scout Tower |
| 16:39 | Scout Tower |
| 16:48 | Mortar Team |
| 16:50 | Sorceress Adept Training |
| 16:50 | Sorceress |
| 16:51 | Sorceress |
| 16:56 | Lesser Clarity Potion |
| 17:08 | Cannon Tower |
| 17:10 | Scout Tower |
| 17:11 | Scout Tower |
| 17:13 | Scout Tower |
| 17:15 | Scout Tower |
| 17:16 | Scout Tower |
| 17:33 | Scout Tower |
| 17:52 | Cannon Tower |
| 17:53 | Arcane Tower |
| 18:04 | Goblin Sapper |
| 18:04 | Goblin Sapper |
| 18:25 | Cannon Tower |
| 18:27 | Arcane Tower |
| 18:28 | Guard Tower |
| 18:34 | Guard Tower |
| 19:06 | Flying Machine |
| 19:06 | Flying Machine |
| 19:22 | Flying Machine |
| 20:00 | Guard Tower |
| 20:04 | Scout Tower |
| 20:04 | Scout Tower |
| 20:05 | Scout Tower |
| 20:18 | Flying Machine |
| 20:26 | Scout Tower |
| 20:29 | Scout Tower |
| 20:53 | Guard Tower |
| 21:20 | Town Hall |
| 21:25 | Guard Tower |
| 21:53 | Scroll of Regeneration |
| 22:23 | Potion of Invisibility |
| 22:24 | Staff of Teleportation |
| 22:32 | Flying Machine |
| 22:34 | Flak Cannons |
| 22:39 | Guard Tower |
| 23:32 | Scout Tower |
| 23:33 | Scout Tower |
| 23:34 | Mortar Team |
| 23:36 | Mortar Team |
| 23:38 | Improved Masonry |
| 23:45 | Flame Strike |
| 24:05 | Scout Tower |
| 24:06 | Scout Tower |
| 24:09 | Scout Tower |
| 24:11 | Scout Tower |
| 24:12 | Cannon Tower |
| 24:29 | Scroll of Regeneration |
| 24:29 | Lesser Clarity Potion |
| 24:33 | Scroll of Town Portal |
| 24:43 | Mortar Team |
| 24:55 | Black Gunpowder |
| 25:12 | Scout Tower |
| 25:12 | Scout Tower |
| 25:13 | Scout Tower |
| 25:13 | Scout Tower |
| 25:13 | Scout Tower |
| 25:14 | Scout Tower |
| 25:15 | Scout Tower |
| 25:27 | Cannon Tower |
| 25:29 | Cannon Tower |
| 25:31 | Arcane Tower |
| 25:42 | Guard Tower |
| 26:37 | Castle |
| 26:38 | Refined Gunpowder |
| 26:39 | Advanced Masonry |
| 26:42 | Lesser Clarity Potion |
| 26:43 | Scroll of Regeneration |
| 26:49 | Flare |
| 27:15 | Scroll of Town Portal |
| 27:44 | Magic Sentry |
| 29:31 | Guard Tower |
| 30:11 | Boots of Speed |
| 30:25 | Scroll of Healing |
| 30:35 | Arcane Vault |
| 31:29 | Fragmentation Shards |
| 31:32 | Imbued Masonry |
| 31:34 | Studded Leather Armor |
| 31:45 | Scroll of Regeneration |
| 32:00 | Scout Tower |
| 32:00 | Scout Tower |
| 32:00 | Scout Tower |
| 32:01 | Scout Tower |
| 32:01 | Scout Tower |
| 32:02 | Scout Tower |
| 32:02 | Scout Tower |
| 32:02 | Scout Tower |
| 32:03 | Scout Tower |
| 32:03 | Scout Tower |
| 32:04 | Scout Tower |
| 32:05 | Scout Tower |
| 32:06 | Scout Tower |
| 32:07 | Scout Tower |
| 32:08 | Scout Tower |
| 32:09 | Scout Tower |
| 32:10 | Scout Tower |
| 33:10 | Arcane Tower |
| 33:13 | Guard Tower |
| 33:14 | Guard Tower |
| 33:17 | Guard Tower |
| 33:19 | Cannon Tower |
| 33:21 | Cannon Tower |
| 33:23 | Cannon Tower |
| 33:24 | Guard Tower |
| 33:28 | Town Hall |
| 33:31 | Arcane Tower |
| 33:44 | Scout Tower |
| 33:45 | Scout Tower |
| 33:46 | Scout Tower |
| 33:51 | Scout Tower |
| 33:54 | Scout Tower |
| 33:58 | Scout Tower |
| 33:58 | Scout Tower |
| 33:58 | Scout Tower |
| 33:59 | Scout Tower |
| 34:00 | Scout Tower |
| 34:00 | Scout Tower |
| 34:01 | Scout Tower |
| 34:01 | Scout Tower |
| 34:03 | Scout Tower |
| 34:05 | Scout Tower |
| 34:38 | Arcane Vault |
| 34:58 | Arcane Tower |
| 35:00 | Arcane Tower |
| 35:03 | Cannon Tower |
| 36:39 | Arcane Tower |
| 36:40 | Arcane Tower |
| 36:42 | Guard Tower |
| 36:43 | Guard Tower |
| 36:45 | Arcane Tower |
| 36:48 | Cannon Tower |
| 36:51 | Cannon Tower |
| 36:52 | Arcane Tower |
| 36:53 | Arcane Tower |
| 37:11 | Imbued Gunpowder |
| 37:12 | Reinforced Leather Armor |
| 38:00 | Guard Tower |
| 40:00 | Flying Machine |
| 40:16 | Guard Tower |
| 41:41 | Guard Tower |
| 41:49 | Flying Machine |
| 42:26 | Flying Machine |
| 42:31 | Iron Plating |
| 42:31 | Dragonhide Armor |
| Right click | 1593 |
| Select | 769 |
| Select group | 193 |
| Build/train/purchase | 185 |
| Use ability | 77 |
| Assign group | 35 |
| Chat | 19 |
| Misc. action | 17 |
| Esc | 9 |
| Item give/drop | 3 |
53 units @ 7.5k
/ 0.6k
32 buildings @ 5.2k
/ 2.4k



| Healing Salve | 3 | 300 |
| Lesser Clarity Potion | 3 | 210 |
| Scroll of Speed | 1 | 50 |
| total: | 7 | 560g |
| Peon | 19 | 1425 | / | 0 |
| Grunt | 15 | 3000 | / | 0 |
| Troll Headhunter | 8 | 1120 | / | 160 |
| Troll Batrider | 7 | 1120 | / | 280 |
| Raider | 2 | 360 | / | 80 |
| Kodo Beast | 1 | 255 | / | 60 |
| Goblin Zeppelin | 1 | 240 | / | 60 |
| total: | 53 | 7520g | / | 640w |
| Watch Tower | 13 | 1430 | / | 1040 |
| Barracks | 2 | 360 | / | 100 |
| Orc Burrow | 9 | 1440 | / | 360 |
| Altar of Storms | 1 | 180 | / | 50 |
| Voodoo Lounge | 1 | 130 | / | 30 |
| War Mill | 1 | 205 | / | 0 |
| Great Hall | 3 | 1155 | / | 555 |
| Beastiary | 2 | 290 | / | 280 |
| Stronghold | 1 | 315 | / | 190 |
| Fortress | 1 | 325 | / | 190 |
| total: | 32 | 5190g | / | 2415w |
| 0:01 | Peon |
| 0:06 | Peon |
| 0:18 | Barracks |
| 0:20 | Peon |
| 0:32 | Orc Burrow |
| 0:33 | Peon |
| 0:40 | Peon |
| 1:09 | Altar of Storms |
| 1:22 | Orc Burrow |
| 1:25 | Peon |
| 1:33 | Grunt |
| 1:54 | Voodoo Lounge |
| 2:03 | Grunt |
| 2:21 | War Mill |
| 2:46 | Pocket Factory |
| 2:56 | Peon |
| 3:46 | Grunt |
| 3:46 | Grunt |
| 3:49 | Watch Tower |
| 3:50 | Watch Tower |
| 4:02 | Grunt |
| 4:08 | Peon |
| 4:52 | Healing Salve |
| 4:52 | Lesser Clarity Potion |
| 4:53 | Scroll of Speed |
| 5:06 | Grunt |
| 5:36 | Watch Tower |
| 5:59 | Watch Tower |
| 6:28 | Engineering Upgrade |
| 7:04 | Grunt |
| 7:04 | Grunt |
| 7:05 | Grunt |
| 7:33 | Watch Tower |
| 7:49 | Healing Salve |
| 7:49 | Lesser Clarity Potion |
| 8:00 | Watch Tower |
| 8:17 | Grunt |
| 8:30 | Watch Tower |
| 8:40 | Watch Tower |
| 9:08 | Stronghold |
| 9:11 | Orc Burrow |
| 10:05 | Orc Burrow |
| 10:30 | Pocket Factory |
| 10:39 | Watch Tower |
| 11:00 | Watch Tower |
| 11:04 | Troll Headhunter |
| 11:04 | Troll Headhunter |
| 12:28 | Fortress |
| 12:40 | Beastiary |
| 12:41 | Beastiary |
| 12:48 | Engineering Upgrade |
| 13:03 | Troll Headhunter |
| 13:05 | Grunt |
| 13:09 | Steel Ranged Weapons |
| 13:44 | Serpent Ward |
| 13:58 | Grunt |
| 14:23 | Grunt |
| 14:30 | Grunt |
| 14:54 | Liquid Fire |
| 14:55 | Troll Batrider |
| 14:55 | Troll Batrider |
| 15:00 | Peon |
| 15:00 | Peon |
| 15:13 | Great Hall |
| 16:04 | Orc Burrow |
| 16:09 | Hex |
| 16:30 | Great Hall |
| 16:38 | Ensnare |
| 16:39 | Troll Batrider |
| 16:39 | Troll Batrider |
| 16:41 | Troll Batrider |
| 16:41 | Troll Batrider |
| 17:10 | Orc Burrow |
| 17:26 | Lesser Clarity Potion |
| 17:29 | Healing Salve |
| 17:44 | Thorium Ranged Weapons |
| 18:15 | Orc Burrow |
| 18:17 | Raider |
| 18:19 | Troll Batrider |
| 18:39 | Peon |
| 18:40 | Peon |
| 18:40 | Peon |
| 18:40 | Peon |
| 19:54 | Great Hall |
| 19:58 | Serpent Ward |
| 20:13 | Peon |
| 21:33 | Watch Tower |
| 21:41 | Barracks |
| 21:43 | Raider |
| 21:49 | Kodo Beast |
| 21:59 | Grunt |
| 21:59 | Troll Headhunter |
| 22:01 | Berserker Upgrade |
| 22:01 | Troll Headhunter |
| 22:01 | Troll Headhunter |
| 22:01 | Troll Headhunter |
| 22:03 | Troll Headhunter |
| 22:13 | Watch Tower |
| 22:14 | Watch Tower |
| 23:40 | Orc Burrow |
| 23:45 | Pocket Factory |
| 24:28 | Peon |
| 24:28 | Peon |
| 24:28 | Peon |
| 24:29 | Peon |
| 25:07 | Orc Burrow |
| 25:44 | Goblin Zeppelin |
| 26:17 | War Stomp |
| Right click | 1281 |
| Select | 605 |
| Select group | 233 |
| Misc. action | 201 |
| Build/train/purchase | 92 |
| Assign group | 51 |
| Use ability | 50 |
| Remove unit | 16 |
| Chat | 5 |
| Item give/drop | 4 |